[ AOE2 MATCH · #504848159 ]
UnrankedCumans vs Bulgarians
Player's team · WIN
[ REPLAY ANALYSIS · EXTRACTED FROM THE RECORDED GAME ]
Feudal
8:51
Castle
25:09
Imperial
36:44
| APM avg | 84.6 |
| APM peak | 117 |
| eAPM avg | 37.9 |
| Villagers / military | 144 / 100 |
Focus
⚔️ 50.8% · 🌾 49.2%
Knight ×30 · Camel Scout ×30 · Spearman ×18 · Archer ×9 · Scout Cavalry ×6 · Monk ×4
Feudal
8:51
Castle
20:30
Imperial
—
| APM avg | 96.7 |
| APM peak | 148 |
| eAPM avg | 57.2 |
| Villagers / military | 129 / 75 |
Focus
⚔️ 63.9% · 🌾 36.1%
Cavalry Archer ×29 · Knight ×23 · Skirmisher ×13 · Monk ×7 · Militia ×3
Match map
Initial resources + every placement click. Lines = walls · curves = elevation contours. ◆ gold · ⬟ stone · ● berries · ✦ relic · ◌ wall gap
Your base· ✓ Closed at 25:09 · 22t walls · 1 gate(s)
Skirmisher Timing's base· Open — 3t gap
Smoothed initial terrain · ◌ = detected wall gap · hover for details
Inputs per minute
— DS_Gali - - Skirmisher Timing
Build order — DS_Gali
First 150 of 401 actions detected
| 0:00 | Create | Villager (Male) |
| 0:01 | Build | House |
| 0:02 | Build | House |
| 0:06 | Create | Villager (Male) |
| 0:08 | Create | Villager (Male) |
| 0:10 | Create | Villager (Male) |
| 1:25 | Create | Villager (Male) |
| 1:52 | Create | Villager (Male) |
| 1:52 | Create | Villager (Male) |
| 2:00 | Build | Lumber Camp |
| 2:04 | Create | Villager (Male) |
| 2:37 | Create | Villager (Male) |
| 3:16 | Create | Villager (Male) |
| 3:16 | Create | Villager (Male) |
| 3:37 | Create | Villager (Male) |
| 3:48 | Build | House |
| 3:51 | Build | House |
| 4:04 | Create | Villager (Male) |
| 4:33 | Build | Mill |
| 4:35 | Create | Villager (Male) |
| 4:51 | Build | Palisade Wall |
| 4:51 | Build | Palisade Wall |
| 4:58 | Create | Villager (Male) |
| 5:22 | Create | Villager (Male) |
| 5:47 | Create | Villager (Male) |
| 6:14 | Research | Loom |
| 6:39 | Research | Feudal Age |
| 6:40 | Research | Feudal Age |
| 7:08 | Build | House |
| 7:36 | Build | Palisade Wall |
| 7:57 | Build | Barracks |
| 8:15 | Build | Palisade Wall |
| 8:15 | Build | Palisade Wall |
| 8:15 | Build | Palisade Wall |
| 8:24 | Build | House |
| 8:39 | Create | Villager (Male) |
| 8:51 | Age | Feudal Age |
| 8:56 | Build | House |
| 8:57 | Build | Archery Range |
| 9:01 | Research | Double-Bit Axe |
| 9:05 | Build | Stable |
| 9:08 | Build | Archery Range |
| 9:09 | Create | Villager (Male) |
| 9:25 | Create | Spearman |
| 9:32 | Create | Villager (Male) |
| 9:49 | Build | Mining Camp |
| 9:50 | Create | Villager (Male) |
| 10:00 | Create | Skirmisher |
| 10:05 | Create | Archer |
| 10:07 | Create | Villager (Male) |
| 10:12 | Create | Villager (Male) |
| 10:31 | Create | Villager (Male) |
| 10:41 | Create | Villager (Male) |
| 11:00 | Create | Archer |
| 11:00 | Create | Archer |
| 11:01 | Build | Farm |
| 11:03 | Build | Farm |
| 11:08 | Build | Farm |
| 11:11 | Research | Horse Collar |
| 11:21 | Create | Villager (Male) |
| 11:26 | Build | Farm |
| 11:47 | Create | Villager (Male) |
| 11:52 | Build | Farm |
| 11:53 | Create | Villager (Male) |
| 11:56 | Build | Palisade Wall |
| 12:00 | Create | Villager (Male) |
| 12:06 | Build | Stable |
| 12:10 | Create | Skirmisher |
| 12:13 | Create | Archer |
| 12:28 | Build | Farm |
| 12:29 | Create | Villager (Male) |
| 12:39 | Create | Villager (Male) |
| 12:45 | Build | Farm |
| 12:47 | Create | Villager (Male) |
| 13:00 | Create | Villager (Male) |
| 13:03 | Create | Scout Cavalry |
| 13:13 | Create | Villager (Male) |
| 13:18 | Build | Farm |
| 13:21 | Create | Villager (Male) |
| 13:23 | Create | Archer |
| 13:26 | Create | Villager (Male) |
| 13:32 | Build | Palisade Wall |
| 13:37 | Create | Scout Cavalry |
| 13:43 | Build | Blacksmith |
| 13:48 | Create | Villager (Male) |
| 13:53 | Create | Villager (Male) |
| 13:54 | Create | Archer |
| 13:56 | Create | Villager (Male) |
| 14:21 | Create | Villager (Male) |
| 14:25 | Create | Villager (Male) |
| 14:27 | Build | Farm |
| 14:28 | Research | Fletching |
| 14:45 | Build | House |
| 14:55 | Create | Scout Cavalry |
| 15:14 | Create | Villager (Male) |
| 15:16 | Build | Town Center |
| 15:20 | Create | Villager (Male) |
| 15:27 | Create | Scout Cavalry |
| 15:46 | Create | Villager (Male) |
| 15:53 | Create | Villager (Male) |
| 15:55 | Create | Archer |
| 16:10 | Create | Villager (Male) |
| 16:17 | Build | House |
| 16:20 | Build | Farm |
| 16:20 | Build | Farm |
| 16:29 | Build | House |
| 16:30 | Build | House |
| 16:35 | Create | Scout Cavalry |
| 16:38 | Build | Farm |
| 16:40 | Build | Farm |
| 16:46 | Build | House |
| 16:46 | Build | House |
| 17:05 | Create | Villager (Male) |
| 17:11 | Create | Villager (Male) |
| 17:12 | Build | Farm |
| 17:17 | Research | Scale Barding Armor |
| 17:22 | Research | Bloodlines |
| 17:24 | Create | Villager (Male) |
| 17:29 | Build | Mining Camp |
| 17:36 | Build | House |
| 17:40 | Create | Villager (Male) |
| 17:43 | Create | Archer |
| 17:44 | Create | Villager (Male) |
| 17:47 | Create | Villager (Male) |
| 18:00 | Build | Farm |
| 18:26 | Create | Villager (Male) |
| 18:39 | Build | Watch Tower |
| 18:41 | Create | Villager (Male) |
| 18:44 | Build | Watch Tower |
| 18:52 | Build | Watch Tower |
| 18:53 | Create | Scout Cavalry |
| 18:57 | Build | Farm |
| 18:58 | Build | Farm |
| 18:58 | Create | Villager (Male) |
| 18:59 | Build | Farm |
| 19:03 | Research | Scale Barding Armor |
| 19:04 | Create | Villager (Male) |
| 19:07 | Create | Villager (Male) |
| 19:09 | Build | Watch Tower |
| 19:14 | Create | Villager (Male) |
| 19:20 | Create | Villager (Male) |
| 19:20 | Create | Villager (Male) |
| 19:24 | Build | Farm |
| 19:25 | Build | Farm |
| 19:27 | Build | Farm |
| 19:28 | Build | Farm |
| 19:47 | Create | Villager (Male) |
| 19:47 | Create | Villager (Male) |
| 20:05 | Research | Wheelbarrow |
| 20:08 | Create | Villager (Male) |
Build order — Skirmisher Timing
First 150 of 354 actions detected
| 0:00 | Create | Villager (Male) ×4 |
| 0:01 | Build | House |
| 0:02 | Build | House |
| 1:28 | Create | Villager (Male) |
| 1:52 | Create | Villager (Male) |
| 1:52 | Create | Villager (Male) |
| 1:54 | Build | Lumber Camp |
| 2:14 | Create | Villager (Male) |
| 2:49 | Create | Villager (Male) |
| 3:15 | Create | Villager (Male) |
| 3:15 | Create | Villager (Male) |
| 3:36 | Create | Villager (Male) |
| 4:09 | Create | Villager (Male) |
| 4:09 | Create | Villager (Male) |
| 4:09 | Create | Villager (Male) |
| 4:11 | Build | House |
| 4:16 | Build | Mill |
| 4:26 | Create | Villager (Male) |
| 4:26 | Create | Villager (Male) |
| 4:58 | Create | Villager (Male) |
| 4:59 | Create | Villager (Male) |
| 5:08 | Build | Barracks |
| 5:22 | Create | Villager (Male) |
| 5:26 | Create | Villager (Male) |
| 5:26 | Create | Villager (Male) |
| 5:38 | Create | Villager (Male) |
| 5:41 | Build | House |
| 6:41 | Research | Feudal Age |
| 7:00 | Build | Mill |
| 7:05 | Create | Militia |
| 7:24 | Create | Militia |
| 7:40 | Build | Palisade Wall |
| 7:41 | Build | Palisade Wall |
| 7:42 | Build | Palisade Wall |
| 7:43 | Build | Palisade Wall |
| 7:48 | Create | Militia |
| 8:05 | Build | House |
| 8:08 | Build | House |
| 8:13 | Research | Loom |
| 8:14 | Create | Villager (Male) |
| 8:14 | Create | Villager (Male) |
| 8:51 | Age | Feudal Age |
| 8:53 | Research | Double-Bit Axe |
| 8:54 | Create | Villager (Male) |
| 9:02 | Research | Horse Collar |
| 9:06 | Build | Farm |
| 9:20 | Create | Villager (Male) |
| 9:29 | Build | Farm |
| 9:33 | Create | Villager (Male) |
| 9:48 | Build | Farm |
| 10:11 | Create | Villager (Male) |
| 10:13 | Build | Farm |
| 10:33 | Create | Villager (Male) |
| 10:38 | Build | Farm |
| 10:50 | Create | Villager (Male) |
| 11:19 | Build | House |
| 11:31 | Build | Archery Range |
| 11:36 | Create | Villager (Male) |
| 11:40 | Create | Villager (Male) |
| 12:02 | Create | Villager (Male) |
| 12:04 | Build | Farm |
| 12:05 | Build | Farm |
| 12:06 | Build | Farm |
| 12:10 | Create | Villager (Male) |
| 12:21 | Build | House |
| 12:21 | Build | House |
| 12:25 | Create | Skirmisher |
| 12:28 | Create | Villager (Male) |
| 12:49 | Create | Villager (Male) |
| 12:52 | Build | Farm |
| 12:53 | Build | Farm |
| 12:58 | Create | Skirmisher |
| 13:22 | Create | Skirmisher |
| 13:22 | Create | Skirmisher |
| 13:24 | Create | Villager (Male) |
| 13:28 | Create | Villager (Male) |
| 13:38 | Build | Farm |
| 13:43 | Build | Lumber Camp |
| 14:09 | Build | Palisade Wall |
| 14:10 | Build | Palisade Wall |
| 14:12 | Create | Villager (Male) |
| 14:17 | Create | Skirmisher |
| 14:32 | Build | Farm |
| 14:33 | Create | Villager (Male) |
| 14:43 | Build | House |
| 14:45 | Build | House |
| 14:47 | Build | House |
| 14:53 | Build | Palisade Wall |
| 14:54 | Create | Skirmisher |
| 15:09 | Build | Blacksmith |
| 15:12 | Build | Blacksmith |
| 15:13 | Build | House |
| 15:15 | Build | House |
| 15:18 | Create | Skirmisher |
| 15:43 | Build | Mining Camp |
| 15:59 | Build | Farm |
| 16:01 | Create | Villager (Male) |
| 16:04 | Build | Farm |
| 16:18 | Create | Villager (Male) |
| 16:20 | Build | Farm |
| 16:24 | Create | Villager (Male) |
| 16:31 | Create | Villager (Male) |
| 16:35 | Build | Farm |
| 16:38 | Create | Villager (Male) |
| 16:43 | Build | Farm |
| 16:50 | Create | Skirmisher |
| 16:50 | Create | Skirmisher |
| 17:11 | Build | House |
| 17:50 | Research | Castle Age |
| 17:50 | Research | Castle Age |
| 17:53 | Research | Gold Mining |
| 18:00 | Create | Skirmisher |
| 18:09 | Research | Padded Archer Armor |
| 18:21 | Research | Fletching |
| 18:44 | Create | Villager (Male) |
| 18:47 | Build | Stable |
| 18:48 | Build | Stable |
| 18:54 | Create | Skirmisher |
| 19:03 | Build | Palisade Gate |
| 19:07 | Create | Villager (Male) |
| 19:13 | Build | Market |
| 19:20 | Build | House |
| 19:21 | Create | Skirmisher |
| 19:34 | Create | Skirmisher |
| 19:45 | Research | Scale Barding Armor |
| 19:49 | Build | Stable |
| 19:59 | Build | Farm |
| 20:05 | Build | Mining Camp |
| 20:30 | Age | Castle Age |
| 20:32 | Create | Knight |
| 20:40 | Create | Villager (Male) |
| 20:41 | Create | Knight |
| 20:46 | Research | Chain Barding Armor |
| 20:49 | Research | Forging |
| 20:49 | Research | Forging |
| 20:51 | Build | Farm |
| 20:52 | Create | Villager (Male) |
| 20:55 | Build | Farm |
| 20:57 | Create | Knight |
| 20:57 | Create | Knight |
| 21:01 | Build | Farm |
| 21:10 | Build | Farm |
| 21:11 | Create | Villager (Male) |
| 21:12 | Create | Knight |
| 21:12 | Create | Knight |
| 21:27 | Create | Knight |
| 21:33 | Build | Palisade Wall |
| 21:42 | Create | Cavalry Archer |
| 21:42 | Create | Villager (Male) |
| 21:58 | Build | Farm |
Match timeline
| 4:51 | DS_Gali · wall_segment Palisade Wall x1 |
| 4:51 | DS_Gali · wall_segment Palisade Wall x1 |
| 5:08 | Skirmisher Timing · first_building Barracks |
| 7:36 | DS_Gali · wall_segment Palisade Wall x1 |
| 7:40 | Skirmisher Timing · wall_segment Palisade Wall x1 |
| 7:41 | Skirmisher Timing · wall_segment Palisade Wall x1 |
| 7:42 | Skirmisher Timing · wall_segment Palisade Wall x1 |
| 7:43 | Skirmisher Timing · wall_segment Palisade Wall x1 |
| 7:57 | DS_Gali · first_building Barracks |
| 8:15 | DS_Gali · wall_segment Palisade Wall x1 |
| 8:15 | DS_Gali · wall_segment Palisade Wall x1 |
| 8:15 | DS_Gali · wall_segment Palisade Wall x2 |
| 8:51 | DS_Gali · age_up feudal |
| 8:51 | Skirmisher Timing · age_up feudal |
| 8:57 | DS_Gali · first_building Archery Range |
| 9:05 | DS_Gali · first_building Stable |
| 11:31 | Skirmisher Timing · first_building Archery Range |
| 11:56 | DS_Gali · wall_segment Palisade Wall x1 |
| 13:32 | DS_Gali · wall_segment Palisade Wall x14 |
| 14:09 | Skirmisher Timing · wall_segment Palisade Wall x1 |
| 14:10 | Skirmisher Timing · wall_segment Palisade Wall x1 |
| 14:53 | Skirmisher Timing · wall_segment Palisade Wall x1 |
| 18:47 | Skirmisher Timing · first_building Stable |
| 20:30 | Skirmisher Timing · age_up castle |
| 21:33 | Skirmisher Timing · wall_segment Palisade Wall x1 |
| 24:42 | Skirmisher Timing · wall_segment Palisade Wall x2 |
| 24:45 | Skirmisher Timing · wall_segment Palisade Wall x1 |
| 24:49 | Skirmisher Timing · wall_segment Palisade Wall x1 |
| 24:50 | Skirmisher Timing · wall_segment Palisade Wall x2 |
| 24:50 | Skirmisher Timing · wall_segment Palisade Wall x1 |
| 25:09 | DS_Gali · age_up castle |
| 25:16 | DS_Gali · first_building Monastery |
| 26:29 | Skirmisher Timing · first_building Monastery |
| 27:03 | Skirmisher Timing · wall_segment Palisade Wall x1 |
| 27:04 | Skirmisher Timing · wall_segment Palisade Wall x1 |
| 27:05 | Skirmisher Timing · wall_segment Palisade Wall x4 |
| 29:21 | Skirmisher Timing · wall_segment Palisade Wall x1 |
| 31:15 | DS_Gali · first_building Castle |
| 34:33 | Skirmisher Timing · wall_segment Palisade Wall x1 |
| 34:42 | Skirmisher Timing · wall_segment Stone Wall x1 |
| 34:43 | Skirmisher Timing · wall_segment Stone Wall x1 |
| 35:08 | Skirmisher Timing · wall_segment Stone Wall x1 |
| 35:09 | Skirmisher Timing · wall_segment Stone Wall x2 |
| 35:28 | Skirmisher Timing · wall_segment Stone Wall x9 |
| 35:33 | Skirmisher Timing · wall_segment Stone Wall x1 |
| 35:36 | Skirmisher Timing · wall_segment Stone Wall x1 |
| 36:05 | Skirmisher Timing · first_market_sell 500 wood |
| 36:44 | DS_Gali · age_up imperial |
| 36:49 | Skirmisher Timing · resign |
[ AI ANALYSIS · 1 CREDIT ]
What really happened in this match?
Wolo.gg analyzes every decision: build order, eco, micro, common mistakes by bracket. Personalized analysis on WhatsApp or Discord in 30 seconds.
Civ guide
Cumans
Perfil
Jugador #5232543